 Dungeon Crawl Stone Soup version 0.22.1-1-ga44c0e56f4 (webtiles) character file.

261 LLavrengius the Shooter (level 5, 0/45 HPs)
             Began as a Centaur Arcane Marksman on Oct 16, 2018.
             Slain by an orc
             ... wielding a +0 morningstar
              (3 damage)
             ... on level 3 of the Dungeon.
             The game lasted 00:16:29 (4410 turns).

LLavrengius the Shooter (Centaur Arcane Marksman)   Turns: 4410, Time: 00:16:29

Health: 0/45       AC:  7    Str: 13    XL:     5   Next: 96%
Magic:  6/6        EV:  9    Int: 12    God:
Gold:   95         SH:  0    Dex: 10    Spells: 5/6 levels left

rFire    + . .     SeeInvis .   h - +0 hand axe
rCold    x . .     Gourm    .   (no shield)
rNeg     . . .     Faith    .   i - +0 robe (curse)
rPois    .         Spirit   .   (no helmet)
rElec    .         Reflect  .   u - +2 cloak
rCorr    .         Harm     .   (no gloves)
MR       .....                  (no barding)
Stlth    +.........             (no amulet)
HPRegen  0.15/turn              g - ring of fire
MPRegen  0.10/turn              (no ring)

@: confused, flying, slowed
A: large, hooves 3, deformed body, speed 2, tough skin 3
a: no special abilities


You were on level 3 of the Dungeon.
You were not hungry.

You visited 1 branch of the dungeon, and saw 3 of its levels.

You collected 95 gold pieces.

Inventory:

Hand Weapons
 a - a +0 shortbow
 h - a +0 hand axe (weapon)
Missiles
 j - 133 stones (quivered)
Armour
 e - a +0 robe
 i - a cursed +0 robe (worn)
 u - a +2 cloak (worn)
 y - a +0 ring mail of fire resistance
Jewellery
 g - a ring of fire (left hand)
 k - an uncursed ring of stealth {unknown}
 s - an uncursed ring of stealth {unknown}
 t - a +3 ring of dexterity {unknown}
 w - an uncursed amulet of rage {unknown}
Wands
 x - a wand of disintegration (11)
Scrolls
 b - 3 scrolls of identify {unknown}
 l - 2 scrolls of remove curse {unknown}
 o - a scroll of magic mapping
 p - 5 scrolls of teleportation {unknown}
 v - a scroll of immolation {unknown}
Potions
 c - a potion of curing {unknown}
 m - a potion of resistance {unknown}
 n - a potion of flight
 r - 2 potions of ambrosia {unknown}
Comestibles
 f - 2 rations


   Skills:
 + Level 3.0 Fighting
 * Level 6.2 Bows
 - Level 1.3 Dodging
 - Level 1.0 Spellcasting
 - Level 3.7 Hexes


You had 5 spell levels left.
You knew the following spells:

 Your Spells              Type           Power        Failure   Level  Hunger
a - Corona                Hex            #......      7%          1    ##.....

Your spell library contained the following spells:

 Spells                   Type           Power        Failure   Level  Hunger
 Slow                     Hex            #.......     10%         2    ###....
 Inner Flame              Hex/Fire       #.......     38%         3    ####...
 Portal Projectile        Hex/Tloc       #.....       38%         3    ####...
 Cause Fear               Hex            #.........   54%         4    #####..
 Leda's Liquefaction      Hex/Erth       #.........   80%         4    #####..


Dungeon Overview and Level Annotations

Branches:
Dungeon (3/15)

Altars:
Sif Muna


Innate Abilities, Weirdness & Mutations

You have hooves in place of feet.
Armour fits poorly on your strangely shaped body.
You cover ground very quickly.
You have extremely tough skin. (AC +3)


Message History

The orc wizard is lightly wounded.
You closely miss the orc wizard. You hit the orc. You barely miss the orc.
The orc wizard points at you and mumbles some strange words.
You feel yourself slow down. The orc misses you.
The orc wizard gestures at you while chanting.
You are confused.
The orc barely misses you.
You're too confused to move!
The orc wizard gestures wildly while chanting.
The orc wizard seems to speed up.
The orc wizard barely misses you. The orc barely misses you.
The orc hits you with a morningstar.
* * * LOW HITPOINT WARNING * * *
The orc wizard hits you but does no damage.
The orc wizard closely misses you.
You bump into the rock wall.
The orc wizard mumbles some strange words.
The orc wizard blinks!
The orc hits you with a flail.
* * * LOW HITPOINT WARNING * * *
The orc hits you with a morningstar.
You die...

.......##_,,**#...........#***,**
........##*,,,###.##.#*#..* *,*
.........##**+#.#....# #.#* *,*
..........#*,,#......###)## *,*
..##.....###....#.#.......# *,*
#####.#### ######.........# *,*
#...####### ##........# *,*
###(...(o.####....(...## *,* *
#######..#@§o........##*,* *
##.oooo.........##.## **
*****####((###.#.##....#. ,**
**,,,*,,,#.(###.#.####.... ,,***
**,,,,,,,..o......(.(#*#)#.
,,,,***,,,,,,,.....##......###.#.
,,,,,**,,,,,,......#####.#.(##.#<
,,,*,**,,,,,,.5.h..#** #.##(...#.
,,,*,***,,,,,,,,,...,*##.#.......


You could see 2 orc wizards and 4 orcs.

Vanquished Creatures
  Crazy Yiuf (D:2)
  Terence (D:2)
  Natasha (twice) (D:3)
  Jessica (D:2)
  Ijyb (D:3)
  A worker ant (D:2)
  An adder (D:2)
  An ooze (D:3)
  A leopard gecko (D:3)
  7 orcs
  6 bats
  9 giant cockroaches
  4 goblins
  4 hobgoblins
  2 jackals (D:1)
  A quokka (D:2)
  3 frilled lizards
  7 kobolds
  5 rats (D:1)
58 creatures vanquished.

Notes
Turn   | Place    | Note
-------+----------+-------------------------------------------
     0 | D:1      | LLavrengius the Centaur Arcane Marksman began the quest for
                  | the Orb.
     0 | D:1      | Reached XP level 1. HP: 16/16 MP: 2/2
    18 | D:1      | Reached skill level 3 in Bows
   302 | D:1      | Reached XP level 2. HP: 23/23 MP: 3/3
   517 | D:1      | HP: 1/23 [giant cockroach (2)]
  1203 | D:1      | Reached XP level 3. HP: 24/28 MP: 4/4
  1590 | D:2      | Reached skill level 4 in Bows
  1796 | D:2      | Reached XP level 4. HP: 36/36 MP: 5/5
  1950 | D:2      | Noticed Jessica
  2043 | D:2      | Killed Jessica
  2236 | D:2      | Noticed Terence
  2369 | D:2      | Killed Terence
  2369 | D:2      | Reached skill level 5 in Bows
  2696 | D:2      | Found a runed door.
  2897 | D:2      | Noticed Crazy Yiuf
  2962 | D:2      | Killed Crazy Yiuf
  2962 | D:2      | Reached XP level 5. HP: 42/42 MP: 6/6
  3069 | D:3      | Noticed Grinder
  3255 | D:3      | Noticed a sky beast
  3680 | D:3      | Noticed Natasha
  3683 | D:3      | Killed Natasha
  3691 | D:3      | Found a deep blue altar of Sif Muna.
  3798 | D:3      | Noticed Ijyb
  4019 | D:3      | Killed Ijyb
  4019 | D:3      | Reached skill level 6 in Bows
  4206 | D:3      | Noticed Natasha
  4222 | D:3      | Killed Natasha
  4410 | D:3      | Slain by an orc

Skill      XL: |  1  2  3  4  5 |
---------------+----------------+-----
Bows           | 3 4 5 6 |  6.2
Hexes          | 3 |  3.7
Fighting       | 2 3 |  3.0
Dodging        | |  1.3
Spellcasting   | |  1.0

Action                   |  1- 3 |  4- 6 || total
-------------------------+-------+-------++-------
Melee: Unarmed           |    44 |       ||    44
       Kick              |    11 |     1 ||    12
       Hand axe          |    32 |     3 ||    35
       Shortbow          |       |     5 ||     5
 Fire: Shortbow          |    38 |   159 ||   197
Throw: Stone             |       |    13 ||    13
  Use: Potion            |       |     2 ||     2
       Scroll            |       |     1 ||     1
  Eat: Chunk             |     2 |     3 ||     5
       Ration            |       |     1 ||     1
Armor: Robe              |    45 |    36 ||    81
Dodge: Dodged            |    49 |    41 ||    90
